 Dungeon Crawl Stone Soup version 0.28.0-45-g0d030f2227 (webtiles) character file.

Game seed: 17846647751258450684

175 Gabide the Ducker (level 5, -6/42 HPs)
             Began as a Human Monk on Apr 12, 2022.
             Killed by divine providence
             ... invoked by an orc priest
              (11 damage)
             ... on level 5 of the Dungeon.
             The game lasted 00:04:31 (4269 turns).

Gabide the Ducker (Human Monk)                      Turns: 4269, Time: 00:04:32

Health: -6/42      AC:  4    Str: 11    XL:     5   Next: 86%
Magic:  5/5        EV: 14    Int: 11    God:
Gold:   150        SH:  0    Dex: 17    Spells: 4/4 levels left

rFire   . . .      SeeInvis .   a - +0 mace
rCold   . . .      Faith    .   (no shield)
rNeg    . . .      Spirit   .   b - +0 robe
rPois   .          Reflect  .   c - +0 helmet
rElec   .          Harm     .   (no cloak)
rCorr   .          Rampage  .   (no gloves)
Will    .....                   f - +0 pair of boots
Stlth   ++........              (no amulet)
HPRegen 0.14/turn               (no ring)
MPRegen 0.09/turn               (no ring)

@: about to teleport, attractive
A: no striking features
a: no special abilities


You were on level 5 of the Dungeon.
You visited 1 branch of the dungeon, and saw 5 of its levels.

You collected 150 gold pieces.

Inventory:

Hand Weapons
 a - a +0 mace (weapon)
Armour
 b - a +0 robe (worn)
 c - a +0 helmet (worn)
 e - a +0 ring mail
 f - a +0 pair of boots (worn)
Scrolls
 d - a scroll of immolation {unknown}
 k - a scroll of teleportation
 l - a scroll of brand weapon {unknown}


   Skills:
 * Level 4.0 Fighting
 + Level 3.8 Maces & Flails
 * Level 4.4 Dodging
 + Level 2.9 Stealth


You had 4 spell levels left.
You didn't know any spells.
Your spell library contained the following spells:

 Spells                   Type           Power      Damage    Failure   Level
 Summon Small Mammal      Summ           0%         N/A       34%         1
 Call Canine Familiar     Summ           0%         N/A       71%         3
 Summon Guardian Golem    Hex/Summ       0%         N/A       71%         3


Dungeon Overview and Level Annotations

Branches:
Dungeon (4/15)
 Temple: D:4-7

Altars:
Ashenzari
Wu Jian

Annotations:
D:2 1 runed translucent door, Crazy Yiuf


Message History

The orc priest barely misses you.
You closely miss the orc priest.
The orc priest is moderately wounded.
The orc priest misses you.
The orc priest hits you but does no damage.
You hit the orc priest.
The orc priest is heavily wounded.
The orc priest hits you with a +0 dagger.
You hit the orc priest.
The orc priest is severely wounded.
You hit the orc.
The orc is severely wounded.
The orc priest calls upon Beogh to heal the orc.
The orc's wounds heal themselves!
You closely miss the orc. The orc completely misses you.
The orc closely misses you.
You barely miss the orc. The orc barely misses you.
You hit the orc but do no damage. The orc hits you with a +0 dagger.
You hit the orc.
The orc is moderately wounded.
The orc misses you.
You sock the orc!
You kill the orc!
You closely miss something. Something barely misses you. Something hits you.
You hit something. Something hits you.
The orc priest mumbles some strange prayers to Beogh against you.
Beogh smites you!
As you read the scroll of teleportation, it crumbles to dust.
You feel strangely unstable. Something hits you.
You closely miss something. Something hits you but does no damage.
The orc priest calls down the wrath of Beogh upon you.
Beogh smites you!
* * * LOW HITPOINT WARNING * * *
Okay, then.
It was a potion of attraction.
You feel attractive to monsters. Something hits you but does no damage.
The orc priest invokes the aid of Beogh against you.
Beogh smites you!
You die...

##
#.##########
#...#......#
###@#.......
#{#.......
#o....o...
##........
#.....o..
#....o...
#........
#........
#........


You could see an orc priest.

Vanquished Creatures
  2 orc priests
  An orc wizard (D:1)
  A gnoll (D:3)
  3 adders
  A worm (D:3)
  A dart slug (D:1)
  3 orcs
  2 bats
  4 endoplasms
  A giant cockroach (D:1)
  10 goblins
  4 hobgoblins
  2 jackals (D:4)
  3 quokkas
  5 ball pythons
  A frilled lizard (D:3)
  4 kobolds
  2 rats (D:2)
50 creatures vanquished.

Notes
Turn   | Place    | Note
-------+----------+-------------------------------------------
     0 | D:1      | Gabide the Human Monk began the quest for the Orb.
     0 | D:1      | Reached XP level 1. HP: 18/18 MP: 1/1
   435 | D:1      | Reached XP level 2. HP: 17/24 MP: 2/2
  1333 | D:2      | Reached XP level 3. HP: 29/29 MP: 3/3
  2062 | D:1      | Reached XP level 4. HP: 5/35 MP: 4/4
  2511 | D:2      | Found a runed translucent door.
  2512 | D:2      | Noticed Crazy Yiuf
  2574 | D:2      | Found a faded altar of an unknown god.
  2973 | D:2      | Reached XP level 5. HP: 25/42 MP: 5/5
  3496 | D:3      | Found an ornate altar of the Wu Jian Council.
  3814 | D:3      | Found a broken altar of Ashenzari.
  4230 | D:4      | You fall into a shaft and drop 1 floor!
  4230 | D:5      | Entered Level 5 of the Dungeon
  4269 | D:5      | Killed from afar by an orc priest

Illustrated notes

Levels and vault maps discovered:
D:1:      dpeg_arrival_stone_temple_mockup, layout_basic, minmay_quantized
D:2:      layout_loops_cross, shapermc_ecumenical_altar_notcrosses,
          uniq_crazy_yiuf_cottage
D:3:      layout_basic, overflow_temple_1_default, nzn_wu_jian_contemplation
D:4:      layout_basic
D:5:      layout_cave_pods, dk_yredelemnul_ordeal, temple_fountains,
          uniq_duvessa

Skill      XL: |  1  2  3  4  5 |
---------------+----------------+-----
Dodging        | 4 |  4.4
Fighting       | 4 |  4.0
Maces & Flails | |  3.8
Stealth        | |  2.9

Action                   |  1- 3 |  4- 6 || total
-------------------------+-------+-------++-------
Melee: Mace              |    80 |   107 ||   187
       Punch             |     1 |     3 ||     4
  Use: Potion            |     2 |     1 ||     3
       Scroll            |     1 |     3 ||     4
 Stab: Sleeping          |     3 |     2 ||     5
Armor: Robe              |    21 |    24 ||    45
Dodge: Dodged            |    67 |    68 ||   135
